 Dungeon Crawl Stone Soup version 0.30-a0-918-g0ff054e9dc (webtiles) character file.

Game seed: 2079941711107580125

18 Rocko1345 the Shield-Bearer (level 2, -3/24 HPs)
             Began as a Human Fighter on Mar 20, 2023.
             Slain by a gnoll
             ... wielding a +0 flail
              (8 damage)
             ... on level 1 of the Dungeon.
             The game lasted 00:02:47 (850 turns).

Rocko1345 the Shield-Bearer (Human Fighter)          Turns: 850, Time: 00:02:48

Health: -3/24      AC: 11    Str: 16    XL:     2   Next: 90%
Magic:  2/2        EV:  6    Int:  8    God:
Gold:   31         SH:  4    Dex: 12    Spells: 1/1 levels left

rFire   . . .      SeeInvis .    a - +0 war axe
rCold   . . .      Faith    .    c - +0 buckler
rNeg    . . .      Spirit   .    i - +0 chain mail
rPois   .          Reflect  .    m - +0 helmet
rElec   .          Rampage  .    f - +0 cloak
rCorr   .                        (no gloves)
Will    .....                    (no boots) Stlth
                                 (no amulet)
HPRegen 0.24/turn                (no ring)
MPRegen 0.08/turn                (no ring)

@: mighty
A: no striking features
a: no special abilities


You were on level 1 of the Dungeon.
You visited 1 branch of the dungeon, and saw 2 of its levels.

You collected 31 gold pieces.

Inventory:

Hand Weapons
 a - a +0 war axe (weapon)
Armour
 b - a +0 scale mail
 c - a +0 buckler (worn)
 f - a +0 cloak (worn)
 i - a +0 chain mail (worn)
 m - a +0 helmet (worn)
Jewellery
 h - an amulet of magic regeneration
Scrolls
 e - 2 scrolls of vulnerability {unknown}
 l - a scroll of fog {unknown}
 o - a scroll of identify {unknown}
Potions
 g - a potion of heal wounds {unknown}
 j - a potion of haste {unknown}
 k - a potion of brilliance {unknown}
 n - a potion of attraction {unknown}
 p - a potion of resistance {unknown}


   Skills:
 + Level 3.2 Fighting
 + Level 2.3 Axes
 + Level 3.2 Armour
 + Level 3.2 Shields


You had one spell level left.
You didn't know any spells.
Your spell library was empty.

Dungeon Overview and Level Annotations

Branches:
Dungeon (2/15)

Altars:


Message History

You are frozen.
You block the gnoll's attack. The gnoll hits you with a +0 flail.
The gnoll barely misses you.
You climb upwards.
There is a stone staircase leading down here.
Unknown command.
You hit the gnoll.
The gnoll is moderately wounded.
You hit the endoplasm. You hit the gnoll. The gnoll barely misses you.
The gnoll hits you with a +0 flail. The endoplasm freezes you.
You are frozen.
Unknown command.
You slash the endoplasm!
You kill the endoplasm!
You hit the gnoll. You closely miss the gnoll.
The gnoll hits you but does no damage. x2
The gnoll attacks as you move away! The gnoll hits you with a +0 whip.
* * * LOW HITPOINT WARNING * * *
You feel very mighty all of a sudden. The gnoll barely misses you.
You closely miss the gnoll.
The gnoll is moderately wounded.
The gnoll closely misses you.
You closely miss the gnoll.
The gnoll is moderately wounded.
The gnoll barely misses you.
You barely miss the gnoll.
The gnoll is moderately wounded.
The gnoll hits you but does no damage. You block the gnoll's attack.
You closely miss the gnoll.
The gnoll is moderately wounded.
The gnoll hits you with a +0 flail.
* * * LOW HITPOINT WARNING * * *
You closely miss the gnoll.
The gnoll is moderately wounded.
You block the gnoll's attack.
You barely miss the gnoll.
The gnoll is moderately wounded.
The gnoll hits you with a +0 flail!
You die...

....##.######### ##.# #.#
...............# #..# #.#
..############.# #.## ###.#
.## #.# #.# ###...# .# #.#
#.# #####...### .# #.# #.#
##.#...### .# #.#
#.###.#..###
.#############.###......#.#
............#...@gg......##
#########......########.##
#.#.#.## ### #.#.#.#
#.#.#.# #.#.#.#
#.#.#.###########
#.#.#...........#
#.#.###########.#


You could see 2 gnolls.

Vanquished Creatures
  4 endoplasms (D:1)
  2 giant cockroaches (D:1)
  2 goblins (D:1)
  2 ball pythons (D:1)
  A bat (D:1)
  3 kobolds (D:1)
  3 rats (D:1)
17 creatures vanquished.

Notes
Turn   | Place    | Note
-------+----------+-------------------------------------------
     0 | D:1      | Rocko1345 the Human Fighter began the quest for the Orb.
     0 | D:1      | Reached XP level 1. HP: 18/18 MP: 1/1
   168 | D:1      | Reached XP level 2. HP: 23/24 MP: 2/2
   850 | D:1      | Slain by a gnoll

Illustrated notes

Levels and vault maps discovered:
D:1:      dpeg_arrival_prison, layout_loops_ring
D:2:      layout_rooms, uniq_terence

Action                     || total
---------------------------++-------
  Melee: War axe           ||    48
    Use: Potion            ||     1
 Armour: Scale mail        ||     3
         Chain mail        ||    15
  Dodge: Dodged            ||    20
  Block: Buckler           ||    13

Table legend: (Time is in decaauts)
 A = Elapsed time spent in this place.
 B = Non-inter-level travel time spent in this place.
 C = Inter-level travel time spent in this place.
 D = Time resting spent in this place.
 E = Time spent auto-exploring this place.
 F = Levels seen in this place.
 G = Mean time per level.
                   A        B        C        D        E       F      G
               +--------+--------+--------+--------+--------+-----+--------+
         Total |    870 |    838 |     32 |     14 |    632 |   2 |  435.0 |
       Dungeon |    870 |    838 |     32 |     14 |    632 |   2 |  435.0 |
               +--------+--------+--------+--------+--------+-----+--------+

Top non-repeatable levels by time:
     D:1: 865 daAuts
     D:2: 4 daAuts
